Map: 紫晶浪漫-天梯版

Players

TIME (Oliveira)

  • Race: Terran Terran

JieShi - Winner!

  • Race: Protoss Protoss
  • League: Master

Event: DreamHack SC2 Masters 2021 Summer

VOD

Have the link to the VOD?

Description

Time

  • Played on: May 30, 2021, 9:25 a.m.
  • Length: 13:34

All games in this series

Show
View Real Time Build Order
Export as new Build Order

TIME Terran 

Build Orders:  

Get SALT Encoding   

  12  0:00  SCV  
  13  0:12  SCV  
  14  0:17  Supply Depot  
  14  0:24  SCV  
  15  0:39  SCV  
  15  0:40  Barracks  
  16  0:43  Refinery  
  16  0:51  SCV  
  17  1:03  SCV  
  18  1:15  SCV  
  19  1:26  Marine  
  19  1:27  Orbital Command  
  20  1:40  Command Center  
  20  1:46  Reaper  
  21  1:51  Supply Depot  
  21  1:54  SCV  
  22  2:06  SCV  
  23  2:09  Factory  
  23  2:15  Refinery  
  23  2:18  Bunker  
  23  2:22  SCV  
  24  2:23  Barracks Reactor  
  24  2:34  SCV  
  25  2:46  SCV  
  26  2:52  Orbital Command  
  26  2:53  Hellion  
  26  2:55  Starport  
  26  2:58  SCV  
  29  3:02  Marine x2  
  31  3:10  SCV  
  32  3:14  Factory Tech Lab  
  32  3:18  SCV  
  33  3:20  Marine x2  
  33  3:22  SCV  
  36  3:30  SCV  
  36  3:33  Supply Depot  
  37  3:35  SCV  
  37  3:39  Factory Tech Lab  
  37  3:40  Raven  
  40  3:43  SCV  
  40  3:47  SCV, Marine x2  
  44  3:55  SCV  
  45  3:57  Supply Depot  
  45  3:59  SCV, Siege Tank  
  49  4:07  SCV  
  49  4:09  Command Center  
  50  4:10  Marine  
  50  4:12  Marine  
  50  4:13  SCV  
  53  4:19  SCV, Supply Depot  
  54  4:26  SCV  
  54  4:31  SCV, Siege Tank  
  56  4:38  SCV  
  59  4:41  Barracks  
  59  4:42  Barracks, Supply Depot  
  59  4:43  Marine  
  59  4:44  Stimpack  
  60  4:47  SCV  
  60  4:51  SCV  
  62  4:54  Engineering Bay  
  62  4:55  Refinery  
  62  4:58  Refinery  
  62  4:59  SCV  
  63  5:03  SCV, Marine  
  63  5:06  Siege Tank  
  68  5:11  SCV  
  69  5:15  SCV  
  69  5:18  Barracks  
  69  5:20  Barracks  
  70  5:22  Marine  
  70  5:23  Terran Infantry Weapons Level 1  
  70  5:24  Orbital Command  
  70  5:25  SCV  
  70  5:28  SCV  
  71  5:31  Barracks Tech Lab  
  71  5:34  Marine x2  
  73  5:37  Starport Reactor  
  73  5:38  SCV  
  73  5:40  SCV  
  73  5:41  Supply Depot  
  75  5:44  Siege Tank  
  75  5:49  Marauder  
  80  5:50  SCV  
  80  5:52  SCV  
  80  5:54  Orbital Command  
  80  5:56  Marauder  
  83  6:01  Marine x2  
  83  6:02  SCV  
  86  6:04  SCV  
  86  6:14  Barracks Reactor, SCV  
  86  6:15  Barracks Tech Lab  
  86  6:16  Medivac x2  
  86  6:17  SCV, Marauder  
  94  6:20  SCV, Supply Depot x2  
  94  6:21  Supply Depot  
  95  6:26  SCV, Siege Tank  
  95  6:28  Marine  
  95  6:29  Marine  
  101  6:34  Refinery, Combat Shield  
  101  6:36  Refinery  
  101  6:41  SCV x3  
  101  6:44  Command Center  
  101  6:46  Marauder  
  106  6:50  Marine x2  
  106  6:51  Marine x2  
  106  6:53  SCV x2  
  112  6:58  Marauder x2  
  116  7:04  SCV, Supply Depot  
  116  7:05  Supply Depot  
  116  7:07  Siege Tank  
  120  7:10  SCV x2  
  120  7:12  Marine x3  
  125  7:17  Terran Infantry Armor Level 1  
  125  7:19  Armory  
  125  7:20  Engineering Bay  
  125  7:25  SCV x2, Marine  
  125  7:26  Marauder, Supply Depot  
  125  7:27  SCV  
  125  7:28  Supply Depot  
  131  7:30  Medivac  
  131  7:31  Medivac  
  131  7:32  Marine x2  
  131  7:35  Marauder  
  131  7:36  Marauder  
  141  7:47  Marine x2, Siege Tank  
  141  7:50  Sensor Tower  
  146  7:52  Supply Depot  
  146  7:56  Marine x2  
  146  7:57  Marauder  
  150  7:59  Ghost Academy  
  150  8:00  SCV x3  
  153  8:06  Marine x3  
  153  8:09  Bunker, Marauder, Viking  
  153  8:10  Viking  
  161  8:14  Drilling Claws  
  161  8:18  Marine x2  
  163  8:25  Marine x2  
  163  8:26  Marauder  
  170  8:27  Missile Turret, Siege Tank  
  170  8:29  Planetary Fortress  
  170  8:41  Enhanced Shockwaves  
  168  8:46  Barracks  
  168  8:47  Barracks x2  
  168  8:49  Viking x2  
  171  8:56  Marine x2  
  171  8:57  Ghost x2  
  171  9:02  Supply Depot  
  177  9:03  Terran Infantry Weapons Level 2  
  177  9:08  SCV  
  177  9:09  SCV, Supply Depot x2  
  179  9:15  SCV  
  180  9:17  Ghost  
  178  9:24  Medivac x2  
  178  9:28  SCV x3  
  178  9:30  SCV  
  186  9:37  Barracks Reactor, Barracks Tech Lab  
  186  9:38  Command Center  
  186  9:42  Terran Infantry Armor Level 2  
  186  9:44  Barracks Tech Lab  
  186  9:46  Terran Ship Weapons Level 1  
  161  9:58  Marauder, Marine x3  
  123  10:00  Siege Tank  
  123  10:01  Medivac  
  123  10:03  Marine x3  
  123  10:04  Marauder  
  116  10:07  SCV  
  116  10:08  SCV  
  116  10:09  Marine  
  116  10:14  SCV, Medivac  
  121  10:15  SCV, Marine  
  121  10:19  Marine x4  
  121  10:20  Marauder  
  130  10:22  SCV x2, Marauder  
  134  10:28  Ghost  
  134  10:34  Ghost  
  138  10:40  Factory Reactor  
  134  10:43  Marine  
  134  10:46  Marine x4  
  134  10:47  Ghost  
  141  10:50  SCV  
  141  10:51  Ghost, Marine  
  141  10:54  SCV x2  
  141  10:56  Marine  
  148  11:00  Marauder  
  148  11:03  Marine x3  
  148  11:04  Marauder  
  155  11:05  SCV  
  156  11:11  Viking x2  
  156  11:12  Marine x2  
  156  11:13  Marine  
  163  11:23  Marine x2  
  163  11:24  Marauder  
  137  11:29  Marine x3  
  137  11:30  Marauder x2  
  137  11:31  Widow Mine x2  
  144  11:38  Marine x2  
  111  11:40  Marine  
  111  11:41  Marine  
  111  11:45  Marauder  
  111  11:46  Marine  
  93  11:48  Marauder  
  93  11:53  Marine x2  
  85  11:54  Marauder  
  85  11:55  SCV  
  69  12:01  SCV x2  
  69  12:02  Marine x3  
  69  12:03  SCV  
  69  12:07  Marauder  
  70  12:09  Marauder  
  70  12:10  Marine  
  70  12:12  Widow Mine, Marauder  
  70  12:14  Widow Mine  
  70  12:15  Marine x2  
  74  12:26  Marine x2  
  74  12:27  Marauder  
  74  12:28  Marine x2  
  74  12:29  Marauder  
  71  12:32  Marine  
  71  12:34  SCV  
  71  12:35  SCV  
  71  12:36  SCV  
  72  12:42  Marine x2  
  71  12:46  Marine  
  71  12:47  Marine  
  71  12:48  Marine x2  
  71  12:50  SCV x2  
  72  12:52  SCV, Marine  
  72  12:53  Medivac x2  
  74  13:01  Marine x2  
  74  13:02  Marauder, Marine  
  74  13:03  Marine  
  74  13:04  Marauder, Marine  
  74  13:05  SCV  
  78  13:06  SCV  
  78  13:11  Marine  
  80  13:13  Marine  
  80  13:16  Marine x2  
  80  13:17  SCV  
  80  13:18  SCV  
Show
View Real Time Build Order
Export as new Build Order

JieShi Protoss - Winner!

Build Orders: 1 Gate Expand, Blink Stalkers, Zealot Archon, Colossus Rush 

Get SALT Encoding   

  12  0:00  Probe  
  13  0:12  Probe  
  14  0:17  Pylon  
  14  0:24  Probe (Chrono Boost)  
  16  0:37  Probe (Chrono Boost), Gateway  
  16  0:43  Probe (Chrono Boost)  
  16  0:46  Assimilator  
  17  0:51  Probe  
  18  1:03  Probe  
  19  1:15  Probe  
  20  1:23  Nexus  
  20  1:33  Cybernetics Core  
  20  1:36  Probe  
  21  1:40  Assimilator  
  21  1:48  Probe  
  21  1:50  Pylon  
  22  2:00  Probe  
  23  2:06  Adept (Chrono Boost)  
  23  2:09  Warp Gate  
  23  2:12  Probe  
  26  2:17  Twilight Council  
  26  2:25  Probe (Chrono Boost)  
  26  2:26  Stalker (Chrono Boost)  
  29  2:35  Probe (Chrono Boost)  
  31  2:42  Probe (Chrono Boost)  
  31  2:46  Probe (Chrono Boost)  
  31  2:49  Probe (Chrono Boost)  
  33  2:51  Blink (Chrono Boost)  
  33  2:54  Probe  
  34  3:00  Probe  
  34  3:02  Gateway  
  35  3:06  Probe  
  37  3:12  Probe  
  37  3:14  Robotics Facility  
  37  3:19  Probe  
  38  3:24  Probe  
  39  3:33  Probe  
  40  3:36  Assimilator  
  40  3:37  Probe  
  40  3:38  Pylon, Assimilator  
  41  3:45  Probe (Chrono Boost)  
  42  3:52  Probe (Chrono Boost)  
  43  3:55  Pylon  
  43  3:57  Probe (Chrono Boost)  
  43  4:00  Stalker  
  47  4:03  Observer  
  47  4:04  Probe x2 (Chrono Boost)  
  47  4:07  Stalker  
  51  4:12  Probe, Pylon  
  51  4:13  Probe  
  51  4:14  Robotics Bay  
  53  4:24  Stalker  
  55  4:25  Probe  
  55  4:28  Observer, Pylon  
  55  4:31  Probe, Stalker  
  61  4:42  Nexus  
  61  4:43  Probe  
  61  4:49  Forge  
  61  4:50  Sentry  
  63  4:55  Probe x2  
  63  4:57  Pylon  
  66  5:02  Colossus (Chrono Boost)  
  66  5:06  Extended Thermal Lance (Chrono Boost)  
  71  5:08  Observer  
  71  5:13  Probe x2  
  73  5:16  Observer  
  73  5:19  Charge  
  73  5:22  Gateway  
  73  5:25  Protoss Ground Weapons Level 1 (Chrono Boost), Gateway  
  73  5:30  Probe  
  73  5:31  Probe  
  75  5:39  Sentry  
  75  5:41  Shield Battery  
  77  5:43  Probe  
  78  5:50  Colossus (Chrono Boost)  
  84  6:00  Probe x2  
  86  6:05  Observer  
  86  6:08  Probe  
  86  6:09  Observer  
  83  6:16  Gateway x2  
  83  6:18  Gateway, Pylon  
  83  6:20  Shield Battery  
  83  6:21  Gateway  
  83  6:23  Photon Cannon, Zealot, Pylon, Sentry  
  87  6:26  Colossus (Chrono Boost)  
  87  6:31  Probe x3  
  87  6:32  Observer  
  90  6:36  Observer  
  96  6:40  Observer  
  96  6:43  Pylon  
  96  6:47  Templar Archives  
  96  6:48  Pylon  
  96  6:50  Photon Cannon  
  96  6:55  Shield Battery, Pylon  
  96  7:09  Observer, Probe  
  96  7:15  Zealot x2, Warp Prism (Chrono Boost)  
  99  7:16  Zealot x3  
  99  7:19  Gateway  
  99  7:20  Pylon  
  109  7:24  Protoss Ground Weapons Level 2 (Chrono Boost)  
  109  7:25  Observer  
  109  7:27  High Templar x2  
  109  7:28  Zealot  
  115  7:32  Nexus  
  115  7:33  Observer, Archon  
  115  7:41  Colossus (Chrono Boost)  
  115  7:42  Probe x3  
  124  7:54  Probe  
  124  8:01  Probe x2  
  126  8:06  Probe  
  126  8:07  Gateway  
  126  8:09  Gateway  
  126  8:10  Pylon  
  127  8:17  Probe x2  
  127  8:18  Probe  
  130  8:20  Photon Cannon, High Templar, Shield Battery  
  130  8:21  High Templar, Pylon, Stalker x3  
  130  8:24  Pylon  
  130  8:25  Archon  
  140  8:30  Probe  
  140  8:32  Zealot  
  140  8:33  Zealot x3, Immortal (Chrono Boost)  
  153  8:47  Zealot x3  
  159  8:53  Stalker x2  
  159  8:54  Zealot x3  
  168  8:58  Zealot  
  168  8:59  Probe x2  
  168  9:00  Probe x2  
  174  9:04  Zealot, Assimilator  
  174  9:05  High Templar  
  174  9:06  Observer  
  174  9:07  Assimilator  
  174  9:08  Zealot  
  181  9:11  Zealot  
  181  9:12  Zealot  
  185  9:20  Zealot x2  
  185  9:21  Zealot  
  179  9:26  High Templar  
  179  9:28  High Templar  
  183  9:33  Archon  
  183  9:34  Zealot x2  
  187  9:39  Pylon  
  187  9:40  Assimilator  
  187  9:44  Assimilator  
  187  9:49  Zealot  
  187  9:50  Zealot x6  
  179  9:57  Zealot x2  
  153  10:01  Zealot x2  
  153  10:03  Colossus (Chrono Boost)  
  138  10:11  Probe  
  138  10:12  Probe  
  134  10:14  Zealot x2  
  134  10:15  Zealot x4, Stalker  
  134  10:19  High Templar x2  
  152  10:22  Zealot x2  
  152  10:23  Archon  
  152  10:27  Gateway  
  152  10:28  Probe, Gateway  
  157  10:40  Probe  
  157  10:41  Colossus (Chrono Boost)  
  150  10:45  Zealot x6  
  150  10:46  Zealot x3  
  150  10:49  Protoss Ground Armor Level 1 (Chrono Boost)  
  174  10:51  Robotics Facility  
  174  10:55  Zealot x2  
  178  11:05  High Templar  
  178  11:06  High Templar, Zealot x2  
  178  11:07  Zealot x4  
  178  11:08  Stalker  
  178  11:10  Archon  
  196  11:25  Zealot x3  
  160  11:26  Stalker  
  160  11:28  Stalker  
  160  11:30  Zealot x3  
  166  11:34  Zealot x3  
  146  11:42  Zealot x2  
  132  11:48  Zealot  
  132  11:49  Zealot x3  
  132  11:50  Colossus  
  132  11:54  Zealot x3  
  132  11:59  Zealot x3, Sentry  
  134  12:03  Stalker  
  128  12:11  Stalker x2  
  128  12:12  Stalker x2  
  132  12:28  Zealot x5  
  136  12:35  High Templar x2  
  136  12:36  High Templar x2, Zealot x3  
  140  12:41  Colossus (Chrono Boost), Archon  
  126  12:44  Archon, Stalker  
  126  12:54  Zealot x4  
  136  13:06  Zealot x4  
  144  13:14  Zealot, Stalker x2, Sentry  
  144  13:15  Zealot  
  144  13:17  Stalker  
Tags
 
Add a new tag
Caveats
  • Supply blocks, unpowered buildings, or Contaminate may cause inaccurate times.
  • Supply counts are checked every 10 seconds.